AoeStats
← Dafixios

Oasis

509783508Analyzed
2v2 RM · 5d ago on Sep 28, 2026· 18m 14s· 4 players
Game mode
Random Map
Map size
Medium (4 player)
Population
200
Speed
Normal
Resources
Standard
Victory
Conquest
Starting age
Dark Age
Ending age
Imperial Age
RankedLock teamsTeams togetherTeam positionsShared explorationLock speedFull tech treeHidden civsTurbo modeCheats
Victory
Defeat
🇲🇽 Franks · Mexico
1165
+16
🇲🇽 Chinese · Mexico
1134
+16
🇧🇷 Magyars · Brazil
1160
-16
🇧🇷 Tatars · Brazil
1155
-16
Alexr_93
0:29 Loom
13:35 Feudal Age
Dafixios
8:18 Loom
11:16 Feudal Age
11:17 Man-at-Arms
12:22 Arson
15:38 Wheelbarrow
16:01 Forging
jp2k
8:00 Loom
10:44 Feudal Age
12:15 Double-Bit Axe
12:46 Man-at-Arms
13:55 Horse Collar
Beija ou Passa
8:02 Loom
10:55 Feudal Age
11:57 Double-Bit Axe
12:49 Wheelbarrow
Connection lost

Rejoining the realm…

Still unreachable

The connection could not be restored.

Session expired

The server has moved on; the page needs a fresh start.